 Dungeon Crawl Stone Soup version 0.28-a0-178-ga708605c5b (webtiles) character file.

Game seed: 12185523056369407278

86 willcat the Sneak (level 4, -4/31 HPs)
             Began as an Octopode Delver on Aug 17, 2021.
             Was an Initiate of Sif Muna.
             Slain by a centaur (6 damage)
             ... on level 6 of the Dungeon.
             The game lasted 00:01:28 (643 turns).

willcat the Sneak (Octopode Delver)                  Turns: 643, Time: 00:01:28

Health: -4/31      AC:  1    Str: 11    XL:     4   Next: 49%
Magic:  4/4        EV: 14    Int: 12    God:    Sif Muna [......]
Gold:   36         SH:  0    Dex: 14    Spells: 3/3 levels left

rFire   . . .      SeeInvis .   a - +0 short sword
rCold   . . .      Faith    .   (no shield)
rNeg    . . .      Spirit   .   (helmet restricted)
rPois   .          Reflect  .   (no amulet)
rElec   .          Harm     .   (no ring)
rCorr   .          Rampage  .   (no ring)
Will    .....                   (no ring)
Stlth   +++++.....              (no ring)
HPRegen 0.10/turn               (no ring)
MPRegen 0.09/turn               (no ring)
                                (no ring)
                                (no ring)

@: very slightly contaminated, hasted, invisible, very quick
A: almost no armour, amphibious, 8 rings, camouflage 1, gelatinous body 1,
(nimble swimmer 1), tentacles
a: Renounce Religion


You were on level 6 of the Dungeon.
You worshipped Sif Muna.
Sif Muna was noncommittal.
You visited 2 branches of the dungeon, and saw 3 of its levels.

You collected 36 gold pieces.

Inventory:

Hand Weapons
 a - a +0 short sword (weapon)
Wands
 f - a wand of digging (3)
Scrolls
 b - a scroll of fog
 c - a scroll of magic mapping
 d - a scroll of fear
 h - a scroll of summoning {unknown}
 j - a scroll of vulnerability {unknown}
Potions
 i - a potion of mutation {unknown}


   Skills:
 - Level 3.0 Fighting
 + Level 3.0 Short Blades
 + Level 3.0 Dodging
 + Level 7.5 Stealth


You had 3 spell levels left.
You didn't know any spells.
Your spell library contained the following spells:

 Spells                   Type           Power      Damage    Failure   Level
 Fireball                 Conj/Fire      0%         3d3       100%        5
 Starburst                Conj/Fire      0%         6d3       100%        6
 Ignition                 Fire           0%         3d3       100%        8


Dungeon Overview and Level Annotations

Branches:
Dungeon (6/15)             Temple (1/1) D:5

Altars:
Ashenzari
Cheibriados
Elyvilon
Gozag
Kikubaaqudgha
Nemelex Xobeh
Okawaru
Qazlal
Ru
Sif Muna
Uskayaw
Vehumet
Xom
Yredelemnul
The Shining One


Innate Abilities, Weirdness & Mutations

You cannot wear most types of armour.
You are amphibious.
You can wear up to eight rings at the same time.
Your skin changes colour to match your surroundings (Stealth+).
Your rubbery body absorbs attacks. (AC +1, EV +1)
((You are camouflaged near water. (Stealth+)))
You have tentacles for arms and can constrict up to eight enemies at once.


Message History

There is a stone staircase leading up here.
Unknown command.
The helpless scorpion fails to defend itself.
You puncture the scorpion! You grab the scorpion. You squeeze the scorpion.
You kill the scorpion!
Sif Muna accepts your kill.
Your Short Blades skill increases to level 3!
Your Dodging skill increases to level 3!
You have reached level 4!
The centaur shouts!
You hear a croak.
The centaur closely misses you. The centaur kicks you.
You hit the centaur.
The centaur is lightly wounded.
The centaur closely misses you. The centaur kicks you.
A bullfrog comes into view.
The centaur hits you! The centaur kicks you.
Unknown command.
You fade into invisibility!
The centaur hits you. The centaur closely misses you.
You are very lightly contaminated with residual magic.
Unknown command.
You hit the centaur but do no damage.
The centaur is lightly wounded.
The centaur hits you.
* * * LOW HITPOINT WARNING * * *
The centaur closely misses you.
Unknown command.
You barely miss the centaur.
The centaur is lightly wounded.
The centaur barely misses you. The centaur kicks you.
* * * LOW HITPOINT WARNING * * *
Unknown command.
You feel yourself speed up. The bullfrog closely misses you.
The centaur hits you.
* * * LOW HITPOINT WARNING * * *
The centaur closely misses you. The bullfrog closely misses you.
The centaur closely misses you.
The centaur kicks you but does no damage.
The centaur hits you.
You die...

...#
...#
...#
#..#
#..#
#..#
#..#
#Fc#
#.@#
#..#
#..#
#.<#
#†.#
#..#
#...
##.##
#.#


You could see a bullfrog (wandering) and a centaur.

Vanquished Creatures
  A scorpion (D:6)
  A hound zombie (D:5)
  An adder (D:5)
  A white imp (D:5)
4 creatures vanquished.

Vanquished Creatures (others)
  A human (D:5)
1 creature vanquished.

Grand Total: 5 creatures vanquished

Notes
Turn   | Place    | Note
-------+----------+-------------------------------------------
     0 | D:5      | willcat the Octopode Delver began the quest for the Orb.
     0 | D:5      | Reached XP level 1. HP: 16/16 MP: 1/1
     9 | D:5      | Found a staircase to the Ecumenical Temple.
    14 | Temple   | Entered the Ecumenical Temple
    49 | Temple   | Became a worshipper of Sif Muna the Loreminder
    75 | D:6      | Noticed an earth elemental
    77 | D:6      | Found a stormy altar of Qazlal.
    78 | D:6      | Noticed a water elemental
    78 | D:6      | Noticed a fire elemental
    78 | D:6      | Noticed an air elemental
   188 | D:5      | Found an ancient bone altar of Kikubaaqudgha.
   191 | D:5      | Noticed a human
   194 | D:5      | Killed a human
   239 | D:5      | Reached XP level 2. HP: 9/21 MP: 2/2
   573 | D:5      | Reached skill level 7 in Stealth
   573 | D:5      | Reached XP level 3. HP: 26/26 MP: 3/3
   632 | D:6      | Noticed a scorpion
   632 | D:6      | Noticed a centaur
   633 | D:6      | Killed a scorpion
   634 | D:6      | Reached XP level 4. HP: 31/31 MP: 4/4
   638 | D:6      | Noticed a bullfrog
   643 | D:6      | Slain by a centaur

Illustrated notes

Levels and vault maps discovered:
D:5:      layout_basic, tgw_kikubaaqudgha, mainiacjoe_overflow_alcove_2,
          temple_doors_e
D:6:      layout_basic, riverfiend_overflow_shadow_ancestor,
          nicolae_qazlal_style_of_elements, minmay_holes, uniq_pikel
Temple:   cyrus_circular_temple

Skill      XL: |  1  2  3 |
---------------+----------+-----
Stealth        | 7 |  7.5
Short Blades   | 3 |  3.0
Dodging        | 3 |  3.0
Fighting       | |  3.0

Action                   |  1- 3 |  4- 6 || total
-------------------------+-------+-------++-------
Melee: Short sword       |    10 |     3 ||    13
       Constrict         |     4 |       ||     4
       Tentacles         |     3 |       ||     3
  Use: Potion            |     1 |     2 ||     3
 Stab: Sleeping          |     2 |       ||     2
       Invisible         |     1 |       ||     1
Armor: Skin              |       |     1 ||     1
Dodge: Dodged            |     4 |     9 ||    13

Table legend: (Time is in decaauts)
 A = Elapsed time spent in this place.
 B = Non-inter-level travel time spent in this place.
 C = Inter-level travel time spent in this place.
 D = Time resting spent in this place.
 E = Time spent auto-exploring this place.
 F = Levels seen in this place.
 G = Mean time per level.
                   A        B        C        D        E       F      G
               +--------+--------+--------+--------+--------+-----+--------+
         Total |    643 |    632 |     11 |    298 |    142 |   3 |  214.3 |
       Dungeon |    596 |    585 |     11 |    298 |    141 |   2 |  298.0 |
        Temple |     47 |     47 |      0 |      0 |      1 |   1 |   47.0 |
               +--------+--------+--------+--------+--------+-----+--------+

Top non-repeatable levels by time:
     D:5: 529 daAuts
     D:6: 66 daAuts
  Temple: 47 daAuts
